 Dungeon Crawl Stone Soup version 0.29.0-10-g45618ea6d2 (webtiles) character file.

Game seed: 2603888760015640796

35 nickcage the Chopper (level 3, 0/31 HPs)
             Began as a Minotaur Abyssal Knight on Sept 1, 2022.
             Was a Believer of Lugonu.
             Slain by an adder (3 damage)
             ... on level 2 of the Dungeon.
             The game lasted 00:02:53 (1602 turns).

nickcage the Chopper (Minotaur Abyssal Knight)      Turns: 1602, Time: 00:02:54

Health: 0/31       AC: 11    Str: 19    XL:     3   Next: 16%
Magic:  3/3        EV:  3    Int:  7    God:    Lugonu [**....]
Gold:   95         SH:  6    Dex: 10    Spells: 2/2 levels left

rFire   . . .      SeeInvis .   i - +0 flail
rCold   . . .      Faith    .   d - +0 kite shield
rNeg    . . .      Spirit   .   o - +0 plate armour
rPois   .          Reflect  .   (helmet restricted)
rElec   .          Harm     .   (no cloak)
rCorr   .          Rampage  .   (no gloves)
Will    .....                   (no boots)
Stlth   ..........              (no amulet)
HPRegen 0.10/turn               (no ring)
MPRegen 0.08/turn               (no ring)

@: lethally poisoned (0 -> -3)
A: horns 2, retaliatory headbutt
a: Renounce Religion, Depart the Abyss, Bend Space


You were on level 2 of the Dungeon.
You worshipped Lugonu.
Lugonu was pleased with you.
You visited 1 branch of the dungeon, and saw 2 of its levels.
You visited the Abyss 1 time.

You collected 95 gold pieces.

Inventory:

Hand Weapons
 a - a +1 hand axe
 i - a +0 flail (weapon)
Missiles
 l - 3 poisoned darts (quivered)
Armour
 b - a +0 leather armour
 d - a +0 kite shield (worn)
 m - a +0 chain mail
 o - a +0 plate armour (worn)
Scrolls
 c - a scroll of immolation {unknown}
 e - 2 scrolls of identify {unknown}
 f - 2 scrolls of teleportation {unknown}
 j - a scroll of noise {unknown}
 k - a scroll of brand weapon {unknown}
 n - a scroll of enchant weapon {unknown}
Potions
 g - a potion of brilliance {unknown}
 h - 3 potions of curing {unknown}


   Skills:
 - Level 3.6 Fighting
 + Level 4.3 Axes
 - Level 2.4 Armour
 - Level 1.1 Dodging
 + Level 0.6 Shields
 - Level 1.7 Invocations


You had 2 spell levels left.
You didn't know any spells.
Your spell library contained the following spells:

 Spells                   Type           Power      Damage    Failure   Level
 Foxfire                  Conj/Fire      0%         2x1d4     100%        1
 Conjure Flame            Conj/Fire      0%         6-21      100%        3
 Inner Flame              Hex/Fire       0%         N/A       100%        3
 Flame Wave               Conj/Fire      0%         2d4       100%        4


Dungeon Overview and Level Annotations

Branches:
Dungeon (2/15)

Altars:

Shops:
D:1 ?

Annotations:
D:1 572ack


Innate Abilities, Weirdness & Mutations

You have a pair of horns on your head.
You reflexively headbutt those who attack you in melee.


Message History

The adder bites you but does no damage. You block the adder's attack.
You barely miss the adder. Your headbutt misses the adder.
The adder is moderately wounded.
You block the adder's attack. The adder bites you but does no damage.
You closely miss the adder.
The adder is lightly wounded.
You block the adder's attack. x2
You completely miss the adder.
The adder is lightly wounded.
You block the adder's attack. The adder completely misses you.
You closely miss the adder.
The adder is lightly wounded.
The adder bites you.
You are poisoned.
The adder poisons you! You block the adder's attack.
You closely miss the adder.
The adder is lightly wounded.
You feel very sick. The adder bites you but does no damage.
You are too injured to fight recklessly!
You closely miss the adder.
The adder is lightly wounded.
You feel sick. The adder bites you but does no damage. The adder bites you.
You are more poisoned.
The adder poisons you!
You closely miss the adder. Your headbutt misses the adder.
The adder is lightly wounded.
* * * LOW HITPOINT WARNING * * *
You feel very sick. You block the adder's attack.
The adder bites you but does no damage.
You barely miss the adder.
The adder is lightly wounded.
* * * LOW HITPOINT WARNING * * *
You feel sick. The adder bites you but does no damage. The adder bites you.
* * * LOW HITPOINT WARNING * * *
You miss the adder.
The adder is lightly wounded.
* * * LOW HITPOINT WARNING * * *
You feel sick. The adder bites you.
You die...

#.# ##
#.# #.#
#.# #.#
#.# #.#
#.# #@#
#S#
#...wSK#
##.##....
# #.##.?#
#.# #!#
#.. #).
#.. ##.
...


You could see a worm, an adder, a ball python and a kobold.

Vanquished Creatures
  An adder (D:2)
  A dart slug (D:2)
  7 bats
  2 endoplasms (D:1)
  A giant cockroach (D:1)
  4 goblins
  A jackal (D:2)
  A quokka (D:2)
  2 ball pythons
  A frilled lizard (D:1)
  2 kobolds
  2 rats
25 creatures vanquished.

Notes
Turn   | Place    | Note
-------+----------+-------------------------------------------
     0 | Abyss:1  | nickcage the Minotaur Abyssal Knight began the quest for
                  | the Orb.
     0 | Abyss:1  | Reached XP level 1. HP: 19/19 MP: 1/1
     1 | D:1      | Escaped the Abyss
   127 | D:1      | Reached skill level 3 in Axes
   159 | D:1      | Found Lurph's Magic Scroll Emporium.
   424 | D:1      | Reached XP level 2. HP: 24/26 MP: 2/2
  1460 | D:2      | Reached skill level 4 in Axes
  1460 | D:2      | Reached XP level 3. HP: 31/31 MP: 3/3
  1602 | D:2      | Slain by an adder

Illustrated notes

Levels and vault maps discovered:
D:1:      mainiacjoe_arrival_reflecting_pool, layout_loops_cross, serial_shops,
          nicolae_shop_statue_plus
D:2:      layout_basic, dreamdust_ecumenical_altar_angels_and_demons,
          minmay_tromino_v7

Skill      XL: |  1  2 |
---------------+-------+-----
Axes           | 3 4 |  4.3
Fighting       | |  3.6
Armour         | |  2.4
Dodging        | |  1.1
Shields        | |  0.6
Invocations    | |  1.7

Action                   || total
-------------------------++-------
Melee: Hand axe          ||    25
       Headbutt          ||     5
       Flail             ||    43
Armor: Leather armour    ||    19
       Chain mail        ||     4
       Plate armour      ||    18
Dodge: Dodged            ||    32
Block: Kite shield       ||    24
